 Dungeon Crawl Stone Soup version 0.21.0-24-g2553a33 (webtiles) character file.

147 tidbits the Skirmisher (level 5, -2/47 HPs)
             Began as a Gnoll Wanderer on Jan 20, 2018.
             Slain by an orc wizard
             ... wielding a +0 dagger
              (4 damage)
             ... on level 4 of the Dungeon.
             The game lasted 00:04:49 (443 turns).

tidbits the Skirmisher (Gnoll Wanderer)              Turns: 443, Time: 00:04:50

Health: -2/47      AC: 10    Str: 13    XL:     5   Next: 29%
Magic:  0/9        EV: 12    Int: 15    God:
Gold:   32         SH:  0    Dex: 16    Spells: 9/10 levels left

rFire    . . .     SeeInvis +   a - +0 dagger (protect)
rCold    . . .     Gourm    .   (no shield)
rNeg     . . .     Faith    .   e - +0 robe
rPois    .         Spirit   .   (no helmet)
rElec    .         Reflect  .   (no cloak)
rCorr    .         Harm     .   G - +0 pair of gloves
MR       .....                  (no boots)
Stlth    ++........             (no amulet)
HPRegen  0.15/turn              I - ring of see invisible
MPRegen  0.11/turn              (no ring)

@: protection aura
A: distributed training, fangs 1, strong nose
a: no special abilities


You were on level 4 of the Dungeon.
You were full.

You visited 1 branch of the dungeon, and saw 4 of its levels.

You collected 32 gold pieces.

Inventory:

Hand Weapons
 a - a +0 dagger of protection (weapon)
   (You took it off a goblin on level 2 of the Dungeon)
 b - a +0 hand axe
 d - a +0 blowgun
 h - a +0 dagger
 o - a +0 morningstar
Missiles
 c - 9 poisoned needles
 g - 16 arrows
Armour
 e - a +0 robe (worn)
 m - a +0 shield
 G - a +0 pair of gloves (worn)
Jewellery
 I - a ring of see invisible (left hand)
   (You found it on level 2 of the Dungeon)
Scrolls
 l - a scroll of noise {unknown}
Books
 k - a book of Conjurations

   Spells                             Type                      Level
   a - Magic Dart                     Conjuration                  1
   b - Searing Ray                    Conjuration                  2
   c - Dazzling Spray                 Conjuration/Hexes            3
   d - Fulminant Prism                Conjuration/Hexes            4
   e - Force Lance                    Conjuration/Translocation    4
   f - Iskenderun's Mystic Blast      Conjuration                  4
Comestibles
 f - 3 rations


   Skills:
 + Level 6.6 Fighting
 + Level 1.4 Short Blades
 + Level 1.4 Long Blades
 + Level 1.4 Axes
 + Level 4.7 Maces & Flails
 + Level 1.4 Polearms
 + Level 1.4 Staves
 + Level 1.4 Slings
 + Level 1.4 Bows
 + Level 1.4 Crossbows
 + Level 2.9 Throwing
 + Level 1.4 Armour
 + Level 1.4 Dodging
 + Level 1.4 Stealth
 + Level 1.4 Shields
 + Level 1.4 Unarmed Combat
 + Level 3.1 Spellcasting
 + Level 3.9 Conjurations
 + Level 1.1 Hexes
 + Level 1.1 Charms
 + Level 1.1 Summonings
 + Level 1.1 Necromancy
 + Level 1.1 Translocations
 + Level 1.1 Transmutations
 + Level 1.1 Fire Magic
 + Level 1.1 Ice Magic
 + Level 1.1 Air Magic
 + Level 1.1 Earth Magic
 + Level 1.1 Poison Magic
 + Level 1.5 Invocations
 + Level 2.9 Evocations


You had 9 spell levels left.
You knew the following spells:

 Your Spells              Type           Power        Failure   Level  Hunger
a - Magic Dart            Conj           ##..         3%          1    #......


Dungeon Overview and Level Annotations

Branches:
Dungeon (4/15)
 Temple: D:4-7

Altars:
Trog


Innate Abilities, Weirdness & Mutations

Your experience applies equally to all skills.
You have very sharp teeth.
Your uncanny sense of smell can sniff out nearby items.


Message History

The jackal bites you.
* * * LOW HITPOINT WARNING * * *
You climb downwards.
You hear the sound of rushing water.
There is an entrance to a sewer on this level.
Hurry and find it before the portal rusts away!
You hear the rusting of a very distant drain.
There is a stone staircase leading up here.
Unknown command.
You hit the jackal.
Your weapon exudes an aura of protection.
The jackal is almost dead.
The bat misses you. The bat hits you but does no damage.
The jackal bites you but does no damage.
You hit the jackal.
You kill the jackal!
The bat misses you.
Casting: Magic Dart
Confirm with . or Enter, or press ? or * to list all spells.
Aiming: Magic Dart
Press: ? - help, Shift-Dir - straight line, f - bat
Aim: a bat The magic dart hits the bat.
You kill the bat!
An orc comes into view. It is wielding a mace.
The orc shouts!
An orc comes into view. It is wielding a whip of draining.
An orc wizard comes into view. It is wielding a dagger.
The orc wizard moves out of view.
Unknown command.
The orc hits you but does no damage.
Unknown command.
The orc shouts!
You hit the orc.
Your weapon exudes an aura of protection.
The orc is heavily wounded.
You closely miss the orc wizard. The orc wizard barely misses you.
You hit the orc.
Your weapon exudes an aura of protection.
Your bite misses the orc.
The orc is severely wounded.
The orc barely misses you.
You hit the orc but do no damage.
The orc is severely wounded.
The orc hits you but does no damage.
You hit the orc.
The orc is severely wounded.
You barely miss the orc.
The orc is severely wounded.
The orc hits you with a mace.
* * * LOW HITPOINT WARNING * * *
Casting: Magic Dart
Confirm with . or Enter, or press ? or * to list all spells.
Aiming: Magic Dart
Press: ? - help, Shift-Dir - straight line, f - orc
Aim: an orc, wielding a mace (severely wounded)
The magic dart hits the orc.
You kill the orc!
You barely miss the orc wizard. Your bite misses the orc wizard.
The orc wizard hits you but does no damage.
Casting: Magic Dart
Confirm with . or Enter, or press ? or * to list all spells.
Aiming: Magic Dart
Press: ? - help, Shift-Dir - straight line, f - orc wizard
Aim: an orc wizard, wielding a dagger and wearing a robe The magic dart hits the orc wizard.
The orc wizard is lightly wounded.
The orc wizard closely misses you.
Casting: Magic Dart
Confirm with . or Enter, or press ? or * to list all spells.
Aiming: Magic Dart
Press: ? - help, Shift-Dir - straight line, f/p - orc wizard
Aim: an orc wizard, wielding a dagger and wearing a robe (lightly wounded)
The magic dart hits the orc wizard.
The orc wizard is moderately wounded.
The orc wizard hits you but does no damage.
Casting: Magic Dart
Confirm with . or Enter, or press ? or * to list all spells.
Aiming: Magic Dart
Press: ? - help, Shift-Dir - straight line, f/p - orc wizard
Aim: an orc wizard, wielding a dagger and wearing a robe (moderately wounded)
The magic dart hits the orc wizard.
The orc wizard is heavily wounded.
The orc wizard points at you and mumbles some strange words.
The puff of frost hits you!
* * * LOW HITPOINT WARNING * * *
You hit the orc wizard but do no damage.
Your weapon exudes an aura of protection.
You bite the orc wizard, but do no damage.
The orc wizard is heavily wounded.
The orc wizard hits you but does no damage.
Casting: Magic Dart
Confirm with . or Enter, or press ? or * to list all spells.
Aiming: Magic Dart
Press: ? - help, Shift-Dir - straight line, f/p - orc wizard
Aim: an orc wizard, wielding a dagger and wearing a robe (heavily wounded)
The magic dart hits the orc wizard.
The orc wizard is heavily wounded.
The orc wizard hits you with a dagger.
You die...

*,,,,,,,,,,*,,,,,#...,*******,,,*
*,,,,,,,,,,*****,...,,# *** *,,,*
*,,,,,,,>,,* **..,,.##*****,,,*
*****,****** ##.#,....+_+,,,,,,
*,,* #..#...#**+***,,** *,,**
###......# *,* *,,** *****
#..o##...#**,***,***
***8***####.#o#*,,...,,,,,,***
*8,,,8*#....#@#*****#*,,*****,
**,,,,,*#...##.# **,** *,,
*_,,,,,_#......# *,,* *,*
**,,,,,*#..##### **,** *,*
*8,,,8*#..# **##,,* ****,*
**∆,,,,*#<†# *..,,****∆,,,*
*_,,,∆,_#### *.#*##,,,,****
**,,,,∆** *#.#...,****
*8,,,8*#########....#***


You could see an orc wizard and an orc.

Vanquished Creatures
  An ogre (D:4)
  5 adders
  An orc (D:4)
  4 bats
  2 goblins
  A hobgoblin (D:3)
  A jackal (D:4)
  A kobold (D:3)
  2 frilled lizards
  2 rats (D:3)
20 creatures vanquished.

Notes
Turn   | Place    | Note
-------+----------+-------------------------------------------
     0 | D:1      | tidbits the Gnoll Wanderer began the quest for the Orb.
     0 | D:1      | tidbits set off with: a book of Conjurations, a +0 hand axe, 9 poisoned needles, a +0 blowgun, a +0 robe, a ration
     0 | D:1      | Reached XP level 1. HP: 23/23 MP: 4/4
     2 | D:1      | Learned a level 1 spell: Magic Dart
    82 | D:2      | Reached XP level 2. HP: 28/29 MP: 0/5
   110 | D:2      | Reached XP level 3. HP: 30/35 MP: 1/7
   223 | D:3      | Found a bloodstained altar of Trog.
   259 | D:3      | Reached skill level 1 in Invocations
   283 | D:4      | Noticed an ogre
   347 | D:4      | Noticed an ogre
   351 | D:4      | HP: 3/35 [ogre/giant club (17)]
   352 | D:4      | Killed an ogre
   352 | D:4      | Reached skill level 1 in Short Blades
   352 | D:4      | Reached skill level 1 in Long Blades
   352 | D:4      | Reached skill level 1 in Axes
   352 | D:4      | Reached skill level 1 in Polearms
   352 | D:4      | Reached skill level 1 in Staves
   352 | D:4      | Reached skill level 1 in Slings
   352 | D:4      | Reached skill level 1 in Bows
   352 | D:4      | Reached skill level 1 in Crossbows
   352 | D:4      | Reached skill level 1 in Armour
   352 | D:4      | Reached skill level 1 in Dodging
   352 | D:4      | Reached skill level 1 in Stealth
   352 | D:4      | Reached skill level 1 in Shields
   352 | D:4      | Reached skill level 1 in Unarmed Combat
   352 | D:4      | Reached skill level 3 in Spellcasting
   352 | D:4      | Reached skill level 1 in Hexes
   352 | D:4      | Reached skill level 1 in Charms
   352 | D:4      | Reached skill level 1 in Summonings
   352 | D:4      | Reached skill level 1 in Necromancy
   352 | D:4      | Reached skill level 1 in Translocations
   352 | D:4      | Reached skill level 1 in Transmutations
   352 | D:4      | Reached skill level 1 in Fire Magic
   352 | D:4      | Reached skill level 1 in Ice Magic
   352 | D:4      | Reached skill level 1 in Air Magic
   352 | D:4      | Reached skill level 1 in Earth Magic
   352 | D:4      | Reached skill level 1 in Poison Magic
   352 | D:4      | Reached XP level 4. HP: 4/41 MP: 1/8
   352 | D:4      | Reached XP level 5. HP: 5/47 MP: 1/9
   386 | D:3      | HP: 3/47 [adder (2)]
   441 | D:4      | HP: 2/47 [orc wizard/puff of frost (7)]
   443 | D:4      | Slain by an orc wizard

Skill      XL: |  1  2  3 |
---------------+----------+-----
Invocations    | 1 |  1.5
Short Blades   | 1 |  1.4
Long Blades    | 1 |  1.4
Axes           | 1 |  1.4
Polearms       | 1 |  1.4
Staves         | 1 |  1.4
Slings         | 1 |  1.4
Bows           | 1 |  1.4
Crossbows      | 1 |  1.4
Armour         | 1 |  1.4
Dodging        | 1 |  1.4
Stealth        | 1 |  1.4
Shields        | 1 |  1.4
Unarmed Combat | 1 |  1.4
Spellcasting   | 3 |  3.1
Hexes          | 1 |  1.1
Charms         | 1 |  1.1
Summonings     | 1 |  1.1
Necromancy     | 1 |  1.1
Translocations | 1 |  1.1
Transmutations | 1 |  1.1
Fire Magic     | 1 |  1.1
Ice Magic      | 1 |  1.1
Air Magic      | 1 |  1.1
Earth Magic    | 1 |  1.1
Poison Magic   | 1 |  1.1
Fighting       | |  6.6
Maces & Flails | |  4.7
Throwing       | |  2.9
Conjurations   | |  3.9
Evocations     | |  2.9

Action                   |  1- 3 |  4- 6 || total
-------------------------+-------+-------++-------
Melee: Dagger            |    47 |    18 ||    65
       Bite              |     8 |     1 ||     9
       Punch             |     1 |       ||     1
 Cast: Magic Dart        |    27 |     9 ||    36
  Use: Potion            |     3 |     1 ||     4
       Scroll            |     2 |       ||     2
 Stab: Sleeping          |     2 |       ||     2
  Eat: Ration            |     1 |       ||     1
Armor: Robe              |    18 |     8 ||    26
Dodge: Dodged            |    37 |    13 ||    50

Table legend:
 A = Turns spent in this place as a percentage of turns spent in the entire game.
 B = Non-inter-level travel turns spent in this place as a percentage of non-inter-level travel turns spent in the entire game.
 C = Inter-level travel turns spent in this place as a percentage of turns spent in this place.
 D = Turns resting spent in this place as a percentage of non-inter-level travel turns spent in this place.
 E = Turns spent auto-exploring this place as a percentage of non-inter-level travel turns spent in this place.
 F = Non-inter-level travel turns spent in this place divided by the number of levels of this place that you've seen.
                   A       B       C       D       E      F
               +-------+-------+-------+-------+-------+----------------------
         Total | 100.0 | 100.0 |   0.0 |   0.0 |   0.0 | 110.8
       Dungeon | 100.0 | 100.0 |   0.0 |   0.0 |   0.0 | 110.8
               +-------+-------+-------+-------+-------+----------------------

Table legend:
 A = Kills in this place as a percentage of kills in entire the game.
 B = Kills by you in this place as a percentage of kills by you in the entire game.
 C = Kills by friends in this place as a percentage of kills by friends in the entire game.
 D = Other kills in this place as a percentage of other kills in the entire game.
 E = Experience gained in this place as a percentage of experience gained in the entire game.
 F = Experience gained in this place divided by the number of levels of this place that you have seen.
                   A       B       C       D       E      F
               +-------+-------+-------+-------+-------+----------------------
         Total | 100.0 | 100.0 |   N/A |   N/A | 100.0 |  52.5
       Dungeon | 100.0 | 100.0 |   N/A |   N/A | 100.0 |  52.5
               +-------+-------+-------+-------+-------+----------------------

Vault maps used:
D:1:      dpeg_arrival_rhombus
D:2:      nicolae_ru_the_path_less_chosen, first_ration
D:3:      lemuel_coloured_pillars_altar, minmay_misc_feat_chi
D:4:      nicolae_overflow_hidden_temple, lemuel_doored_altar,
          portal_sewer_entry_c, serial_park_tiny_pond
